 Dungeon Crawl Stone Soup version 0.27.0-1-g7a089689b8 (webtiles) character file.

Game seed: 18140131080781911235

320 Spaninq the Cudgeller (level 6, -4/48 HPs)
             Began as a Formicid Gladiator on Aug 5, 2021.
             Was an Initiate of Qazlal.
             Slain by a hornet (7 damage)
             ... on level 5 of the Dungeon.
             The game lasted 00:07:01 (3761 turns).

Spaninq the Cudgeller (Formicid Gladiator)          Turns: 3761, Time: 00:07:02

Health: -4/48      AC: 14    Str: 20    XL:     6   Next: 75%
Magic:  6/6        EV:  8    Int:  8    God:    Qazlal [......]
Gold:   124        SH:  4    Dex: 12    Spells: 5/5 levels left

rFire    + . .     SeeInvis +   d - +5 whip
rCold    + . .     Faith    .   i - +0 buckler
rNeg     . . .     Spirit   .   j - +0 chain mail
rPois    +         Reflect  .   (helmet unavailable)
rElec    +         Harm     .   (no cloak)
rCorr    +         Rampage  .   o - +0 pair of gloves
Will     .....                  (no boots)
Stlth    ..........             (no amulet)
HPRegen  0.16/turn              m - +4 ring of protection
MPRegen  0.10/turn              (no ring)

@: lethally poisoned (-4 -> -10), resistant
A: permanent stasis, dig shafts and tunnels, antennae 3, four strong arms
a: Dig, Shaft Self, Renounce Religion


You were on level 5 of the Dungeon.
You worshipped Qazlal.
Qazlal was noncommittal.
You visited 1 branch of the dungeon, and saw 5 of its levels.

You collected 124 gold pieces.

Inventory:

Hand Weapons
 a - a +0 quarterstaff
 d - a +5 whip (weapon)
Missiles
 c - 3 throwing nets (quivered)
Armour
 b - a +0 leather armour
 i - a +0 buckler (worn)
 j - a +0 chain mail (worn)
 o - a +0 pair of gloves (worn)
Jewellery
 m - a +4 ring of protection (left hand)
Scrolls
 h - a scroll of immolation
 k - a scroll of identify
 n - a scroll of fear {unknown}
Potions
 f - 2 potions of brilliance
 g - a potion of might


   Skills:
 + Level 4.0 Fighting
 * Level 4.1(4.6) Maces & Flails
 - Level 3.1(4.1) Staves
 - Level 2.0 Throwing
 + Level 2.5 Armour
 - Level 2.6 Dodging
 + Level 1.8 Shields


You had 5 spell levels left.
You didn't know any spells.
Your spell library contained the following spells:

 Spells                   Type           Power      Damage    Failure   Level
 Animate Skeleton         Necr           0%         N/A       99%         1
 Apportation              Tloc           0%         N/A       99%         1
 Corona                   Hex            0%         N/A       99%         1
 Summon Small Mammal      Summ           0%         N/A       99%         1


Dungeon Overview and Level Annotations

Branches:
Dungeon (5/15)
 Temple: D:4-7

Altars:
Cheibriados
Hepliaklqana
Qazlal
Vehumet

Shops:
D:5 [

Annotations:
D:4 Grinder


Innate Abilities, Weirdness & Mutations

You cannot be hasted, slowed, berserked, paralysed or teleported.
You can dig through walls and to a lower floor.
You have a pair of large antennae on your head. (SInv)
Your four strong arms can wield two-handed weapons with a shield.


Message History

You hit the hornet but do no damage.
The hornet stings you but does no damage.
The hornet barely misses you.
You hit the hornet but do no damage. You block the hornet's attack.
You miss the hornet. The hornet stings you!
You are poisoned.
Your stasis prevents you from being slowed.
It was a potion of might.
You feel very mighty all of a sudden.
You feel very sick. The hornet stings you!
* * * LOW HITPOINT WARNING * * *
Your stasis prevents you from being slowed.
The hornet completely misses you.
It was a potion of curing.
You feel better.
The hornet stings you but does no damage.
You whack the hornet!
The hornet is moderately wounded.
The hornet barely misses you. The hornet stings you.
* * * LOW HITPOINT WARNING * * *
You are lethally poisoned!
Your stasis prevents you from being paralysed.
It was a potion of cancellation.
Your magical effects are unravelling.
You feel magically purged.
You feel a little less mighty now.
* * * LOW HITPOINT WARNING * * *
You feel very sick.
The hornet stings you but does no damage.
It was a potion of resistance.
You feel protected.
* * * LOW HITPOINT WARNING * * *
You feel very sick. You block the hornet's attack.
The hornet stings you but does no damage.
You miss the hornet.
The hornet is lightly wounded.
* * * LOW HITPOINT WARNING * * *
You feel sick. The hornet stings you!
You die...

#.# . #.# ###.. #.#
#...## #.# #.#.. ..#
#..## #.# ##...##
#'####.....##### #
+∩†.#..........###.#.###
#+#..#.....###..@yc.....
.............#####.#####
...#..#.......# #
#.....#.†.<...#
#.#...###.....# #.....#
##...## .....## #.....#
...... #.....# .# .#.#
#..>..#


You could see a hornet and a centaur.

Vanquished Creatures
  A sky beast (D:5)
  An orc priest (D:4)
  A hound (D:5)
  2 iguanas (D:5)
  A hound zombie (D:4)
  An adder (D:3)
  A shadow imp (D:4)
  An ufetubus (D:5)
  3 dart slugs
  10 orcs
  3 bats
  8 endoplasms
  4 giant cockroaches
  3 goblins
  9 hobgoblins
  4 jackals (D:3)
  3 kobolds
  2 quokkas
  4 ball pythons
  4 frilled lizards
  5 rats
71 creatures vanquished.

Vanquished Creatures (others)
  3 plants (D:3)
3 creatures vanquished.

Grand Total: 74 creatures vanquished

Notes
Turn   | Place    | Note
-------+----------+-------------------------------------------
     0 | D:1      | Spaninq the Formicid Gladiator began the quest for the Orb.
     0 | D:1      | Reached XP level 1. HP: 16/16 MP: 1/1
   162 | D:1      | Found a faded altar of an unknown god.
   166 | D:1      | Became a worshipper of Vehumet
   166 | D:1      | Reached * piety under Vehumet
   166 | D:1      | Offered knowledge of Magic Dart by Vehumet.
   167 | D:1      | Fell from the grace of Vehumet
   408 | D:1      | Reached XP level 2. HP: 20/23 MP: 2/2
   413 | D:1      | Reached skill level 1 in Maces & Flails
   942 | D:2      | Reached XP level 3. HP: 27/28 MP: 3/3
  2104 | D:3      | Reached XP level 4. HP: 30/35 MP: 4/4
  2161 | D:3      | Found a snail-covered altar of Cheibriados.
  2289 | D:3      | Found a hazy altar of Hepliaklqana.
  2297 | D:3      | Reached skill level 1 in Armour
  2469 | D:3      | Found a stormy altar of Qazlal.
  2479 | D:3      | Became a worshipper of Qazlal Stormbringer
  2759 | D:4      | Reached XP level 5. HP: 14/41 MP: 5/5
  3465 | D:4      | Noticed Grinder
  3469 | D:5      | Entered Level 5 of the Dungeon
  3535 | D:5      | Noticed a sky beast
  3548 | D:5      | Killed a sky beast
  3549 | D:5      | Reached skill level 1 in Shields
  3549 | D:5      | Reached XP level 6. HP: 48/48 MP: 6/6
  3622 | D:5      | Found Fitosk's Armour Shoppe.
  3749 | D:5      | Noticed a hornet
  3761 | D:5      | Slain by a hornet

Illustrated notes

Levels and vault maps discovered:
D:1:      erik_arrival_orb_chamber, layout_basic,
          chequers_ecumenical_altar_grove, st_stairs_10
D:2:      layout_basic
D:3:      layout_basic, nicolae_hepliaklqana_hazy_memory,
          kennysheep_slug_shrine, mainiacjoe_overflow_alcove_4
D:4:      layout_basic, minmay_manual_mares, uniq_grinder
D:5:      layout_loops_cross, minmay_temple_entry_mini_moons, serial_shops,
          nicolae_shop_behind_doors, uniq_blork_the_orc, uniq_sigmund

Skill      XL: |  1  2  3  4  5  6 |
---------------+-------------------+-----
Maces & Flails | 1 2 3 4 |  4.1
Fighting       | 3 4 |  4.0
Armour         | 1 2 |  2.5
Shields        | 1 |  1.8
Staves         | |  3.1
Throwing       | |  2.0
Dodging        | |  2.6

Action                   |  1- 3 |  4- 6 || total
-------------------------+-------+-------++-------
Melee: Quarterstaff      |    10 |       ||    10
       Whip              |    73 |   130 ||   203
Invok: Renounce Religion |     1 |       ||     1
  Use: Scroll            |       |     4 ||     4
       Potion            |       |     4 ||     4
Armor: Leather armour    |    14 |       ||    14
       Chain mail        |    15 |    68 ||    83
Dodge: Dodged            |    32 |    55 ||    87
Block: Buckler           |       |     7 ||     7
